 Dungeon Crawl Stone Soup version 0.17.2 (webtiles) character file.

337 Shtopit the Insei (level 6, 0/44 HPs)
             Began as a Merfolk Transmuter on May 6, 2016.
             Slain by an ufetubus (4 damage)
             ... summoned by Eustachio
             ... on level 4 of the Dungeon.
             The game lasted 00:14:21 (4326 turns).

Shtopit the Insei (Merfolk Transmuter)              Turns: 4326, Time: 00:14:21

Health: 0/44       AC:  5    Str: 11    XL:     6   Next: 54%
Magic:  8/9        EV: 14    Int: 12    God:
Gold:   138        SH:  0    Dex: 16    Spells: 2 memorised, 5 levels left

rFire  . . .     SeeInvis .       - Unarmed
rCold  . . .     Clarity  .     b - +0 robe
rNeg   . . .     SustAt   .     (no shield)
rPois  .         Gourm    .     (no helmet)
rElec  .         Spirit   .     (no cloak)
rCorr  .         Warding  .     o - +2 pair of gloves
rMut   .         Stasis   .     (no boots)
MR     .....                    (no amulet)
Stlth  ++........               (no ring)
                                (no ring)

@: not resistant to hostile enchantments, unstealthy
A: change form in water, swift swim
a: no special abilities


You were on level 4 of the Dungeon.
You were not hungry.

You visited 1 branch of the dungeon, and saw 4 of its levels.

You collected 138 gold pieces.

Inventory:

Missiles
 a - 43 arrows
 D - 23 arrows of dispersal
Armour
 b - a +0 robe (worn)
 k - a +0 pair of gloves
 o - a +2 pair of gloves (worn)
 q - a +2 buckler
 w - a +0 leather armour
Jewellery
 g - an uncursed amulet of rage {unknown}
 p - a cursed ring of teleportation {unknown}
 v - an uncursed ring of poison resistance {unknown}
Wands
 x - a wand of frost (6)
 C - a wand of flame (33)
Scrolls
 e - 5 scrolls of identify {unknown}
 f - 5 scrolls of remove curse {unknown}
 i - 3 scrolls of teleportation {unknown}
 l - a scroll of random uselessness {unknown}
 m - 5 scrolls of blinking {unknown}
 r - a scroll of recharging {unknown}
 s - a scroll of enchant armour {unknown}
 u - a scroll of fear {unknown}
 y - a scroll of noise {unknown}
Potions
 j - a potion of curing {unknown}
 t - 2 potions of heal wounds
 z - a potion of flight {unknown}
 B - a potion of brilliance {unknown}
Books
 c - a book of Changes

   Spells                             Type                      Level
   a - Beastly Appendage              Transmutation                1
   b - Sticks to Snakes               Transmutation                2
   c - Spider Form                    Transmutation/Poison         3
   d - Ice Form                       Ice/Transmutation            4
   e - Blade Hands                    Transmutation                5
Comestibles
 d - 2 bread rations
 h - a meat ration
 n - a beef jerky
 A - a slice of pizza


   Skills:
 + Level 2.1 Fighting
 + Level 4.5 Dodging
 + Level 2.3 Stealth
 * Level 2.0 Shields
 * Level 5.1 Unarmed Combat
 + Level 2.3 Spellcasting
 + Level 3.2 Transmutations
 + Level 1.0 Poison Magic


You had 5 spell levels left.
You knew the following spells:

 Your Spells              Type           Power        Failure   Level  Hunger
a - Beastly Appendage     Trmt           #.....       10%         1    ##.....
b - Spider Form           Trmt/Pois      #.........   34%         3    ####...


Dungeon Overview and Level Annotations

Branches:
Dungeon (4/15)
 Temple: D:4-7

Altars:
Ashenzari
Dithmenos
Gozag
Nemelex Xobeh
Okawaru
Yredelemnul
The Shining One

Annotations:
D:4 Eustachio


Message History

Eustachio growls, "To hell with you, honourless miscreant!"
The ogre hits you with a giant club!
* * * LOW HITPOINT WARNING * * *
Eustachio mumbles some strange words.
There is an open door here.
Your transformation has ended.
Your +2 pair of gloves unmelds from your body.
Your +0 robe unmelds from your body.
You kill the ogre!
Your Shields skill increases to level 2!
Your Unarmed Combat skill increases to level 5!
Your Poison Magic skill increases to level 1!
Eustachio casts a spell.
Eustachio blinks!
The ufetubus barely misses you. x2
The ufetubus completely misses you. The ufetubus misses you.
The ufetubus misses you. The ufetubus hits you.
* * * LOW HITPOINT WARNING * * *
The ufetubus hits you.
You die...

#l......# #.......+
#.......# #.......#
#########.......#
#.................
#..................
#.....5............
#....@5............
#.................
#.................
#................
#.....#'########
#.....#...#
#.....#...#
#.....#...#
#.....#...#


You could see 2 ufetubi.

Vanquished Creatures
  An ogre (D:4)
  An orc priest (D:4)
  Ijyb (D:2)
  An orc wizard (D:3)
  A worker ant (D:4)
  4 adders
  2 gnolls
  2 oozes (D:3)
  2 worms (D:3)
  A giant gecko (D:3)
  3 orcs (D:3)
  4 giant cockroaches
  7 hobgoblins
  2 kobolds
  3 quokkas
  9 bats
  4 giant newts
  2 gnoll zombies (D:3)
  16 goblins
  3 jackals (D:2)
  10 rats
79 creatures vanquished.

Notes
Turn   | Place    | Note
--------------------------------------------------------------
     0 | D:1      | Shtopit the Merfolk Transmuter began the quest for the Orb.
     0 | D:1      | Reached XP level 1. HP: 15/15 MP: 3/3
   391 | D:1      | Reached XP level 2. HP: 21/21 MP: 3/5
   884 | D:1      | Reached skill level 4 in Unarmed Combat
   891 | D:1      | Reached XP level 3. HP: 23/26 MP: 6/6
   896 | D:1      | Learned a level 3 spell: Spider Form
  1631 | D:2      | Reached XP level 4. HP: 22/32 MP: 4/7
  2099 | D:2      | Noticed Ijyb
  2222 | D:2      | Killed Ijyb
  2433 | D:2      | Found a shadowy altar of Dithmenos.
  2656 | D:2      | Found a shattered altar of Ashenzari.
  2657 | D:2      | Found a sparkling altar of Nemelex Xobeh.
  2758 | D:2      | Reached XP level 5. HP: 31/37 MP: 8/8
  2882 | D:3      | Reached skill level 1 in Shields
  2901 | D:3      | Reached skill level 1 in Stealth
  3095 | D:3      | Found a glowing golden altar of the Shining One.
  3097 | D:3      | Found an iron altar of Okawaru.
  3097 | D:3      | Found an opulent altar of Gozag.
  3446 | D:3      | Found a basalt altar of Yredelemnul.
  4014 | D:4      | Reached XP level 6. HP: 23/44 MP: 4/9
  4253 | D:4      | Noticed Eustachio
  4253 | D:4      | Noticed an ogre
  4313 | D:4      | Killed an ogre
  4313 | D:4      | Reached skill level 5 in Unarmed Combat
  4313 | D:4      | Reached skill level 1 in Poison Magic
  4326 | D:4      | Slain by an ufetubus

Action                   |  1- 3 |  4- 6 || total
-------------------------+-------+-------++-------
Melee: Unarmed           |    92 |   161 ||   253
 Cast: Beastly Appendage |     7 |       ||     7
       Spider Form       |     3 |     8 ||    11
  Use: Potion            |       |     1 ||     1
 Stab: Sleeping          |     2 |     7 ||     9
  Eat: Chunk             |     3 |    10 ||    13
